 Dungeon Crawl Stone Soup version 0.29.1-1-gd02db6906a (webtiles) character file.

Game seed: 12871737424635555155

74 RogueRain17 the Chopper (level 4, 0/38 HPs)
             Began as a Meteoran Fighter on Sept 21, 2022.
             Slain by an orc priest
             ... wielding a +0 club
              (1 damage)
             ... on level 3 of the Dungeon.
             The game lasted 00:03:41 (754 turns).

RogueRain17 the Chopper (Meteoran Fighter)           Turns: 754, Time: 00:03:42

Health: 0/38       AC: 10    Str: 20    XL:     4   Next: 84%
Magic:  5/5        EV:  9    Int:  9    God:
Gold:   132        SH:  5    Dex: 13    Spells: 3/3 levels left

rFire   . . .      SeeInvis .   a - +0 war axe
rCold   . . .      Faith    .   c - +0 buckler
rNeg    . . .      Spirit   .   b - +0 scale mail
rPois   .          Reflect  .   e - +1 helmet
rElec   .          Harm     .   (no cloak)
rCorr   .          Rampage  .   i - +0 pair of gloves
Will    .....                   (no boots)
Stlth   ..........              (no amulet)
HPRegen 0.12/turn               (no ring)
MPRegen 0.09/turn               (no ring)

@: glowing
A: sense surroundings 1, otherworldly, glowing, explore regen
a: no special abilities


You were on level 3 of the Dungeon.
You visited 1 branch of the dungeon, and saw 3 of its levels.

You collected 132 gold pieces.

Inventory:

Hand Weapons
 a - a +0 war axe (weapon)
Armour
 b - a +0 scale mail (worn)
 c - a +0 buckler (worn)
 e - a +1 helmet (worn)
 i - a +0 pair of gloves (worn)
Wands
 l - a wand of mindburst (13)
Scrolls
 g - a scroll of enchant armour
 j - a scroll of identify
 k - a scroll of butterflies
 m - a scroll of magic mapping {unknown}
 n - a scroll of noise {unknown}
 p - a scroll of immolation {unknown}
Potions
 d - a potion of might
 f - a potion of brilliance {unknown}
 h - a potion of degeneration {unknown}
 o - a potion of mutation {unknown}


   Skills:
 - Level 3.2 Fighting
 * Level 4.6 Axes
 - Level 3.6 Armour
 + Level 4.5 Shields


You had 3 spell levels left.
You didn't know any spells.
Your spell library was empty.

Dungeon Overview and Level Annotations

Branches:
Dungeon (3/15) Zot: 1004

Altars:


Innate Abilities, Weirdness & Mutations

You passively map a small area around you.
You are easily found by Zot.
You glow in the dark.
You regain HP and MP as you explore.


Message History

Found a stone staircase leading down.
There is a stone staircase leading down here.
An orc comes into view. It is wielding a +0 club.
The orc shouts!
A rat comes into view.
An orc priest comes into view. It is wielding a +0 club.
The orc priest shouts!
You hear a shout!
An orc comes into view. It is wielding a +0 dagger.
The orc priest invokes the aid of Beogh against you.
Beogh smites you!
Found 11 gold pieces.
The orc hits you with a +0 club.
You hit the orc.
The orc is severely wounded.
The orc hits you with a +0 club. The rat closely misses you.
The orc barely misses you.
The orc priest calls down the wrath of Beogh upon you.
Beogh smites you!
You hit the orc.
You kill the orc!
You hit the rat but do no damage. The rat bites you but does no damage.
You closely miss the orc. You closely miss the rat.
The rat bites you but does no damage. The orc hits you with a +0 dagger.
You hit the rat.
You kill the rat!
You completely miss the orc. The orc hits you with a +0 dagger.
The orc priest invokes the aid of Beogh against you.
Beogh smites you!
* * * LOW HITPOINT WARNING * * *
The orc closely misses you.
You closely miss the orc priest. You slash the orc!
You kill the orc!
The orc priest hits you but does no damage.
You hit the orc priest.
The orc priest is lightly wounded.
The orc priest begins to cast a cantrip, but forgets the words!
You hit the orc priest.
The orc priest is moderately wounded.
The orc priest calls down the wrath of Beogh upon you.
You struggle to resist.
The orc priest hits you with a +0 club.
You die...

...........#*##..........#...#...
.........#...#..#......#.........
..........#..#..#......###...#...
........#.#............#*###.#...
........................####.#>#.
........###..........<.......#.##
#...#########.#...
##.#.##.................
......o@..########..##..
......)#..# ** ##...##
.......#..... , ###...
.......###..... ##>. $......
#..... * #.. ....... *#.... * #..
....... *.... #.. ####### ### *
###


You could see an orc priest.

Vanquished Creatures
  3 adders
  A dart slug (D:1)
  2 orcs (D:3)
  3 ball pythons
  4 endoplasms
  2 giant cockroaches
  2 goblins
  3 hobgoblins
  3 quokkas
  7 bats
  4 frilled lizards
  5 kobolds
  5 rats
44 creatures vanquished.

Notes
Turn   | Place    | Note
-------+----------+-------------------------------------------
     0 | D:1      | RogueRain17 the Meteoran Fighter began the quest for the
                  | Orb.
     0 | D:1      | Reached XP level 1. HP: 19/19 MP: 2/2
   114 | D:1      | Reached XP level 2. HP: 26/26 MP: 3/3
   218 | D:1      | Reached XP level 3. HP: 31/31 MP: 4/4
   521 | D:2      | Reached XP level 4. HP: 38/38 MP: 5/5
   751 | D:3      | HP: 1/38 [orc priest/divine providence (15)]
   754 | D:3      | Slain by an orc priest

Illustrated notes

Levels and vault maps discovered:
D:1:      beargit_arrival_greenhouse, layout_loops_ring
D:2:      layout_rooms, wander_ebering_terrifying_dragon_lair
D:3:      layout_rooms

Skill      XL: |  1  2  3 |
---------------+----------+-----
Axes           | 3 4 |  4.6
Shields        | 4 |  4.5
Fighting       | |  3.2
Armour         | |  3.6

Action                   |  1- 3 |  4- 6 || total
-------------------------+-------+-------++-------
Melee: War axe           |    78 |    35 ||   113
  Use: Scroll            |     2 |       ||     2
Armor: Scale mail        |    60 |    29 ||    89
Dodge: Dodged            |    30 |    18 ||    48
Block: Buckler           |    14 |    11 ||    25
